 Dungeon Crawl Stone Soup version 0.25.1-2-g60ff931df9 (webtiles) character file.

Game seed: 769790259436721833

2347 Allula97 the Covered (level 9, -1/81 HPs)
             Began as a Deep Dwarf Fighter on Nov 6, 2020.
             Was a Believer of Makhleb.
             Slain by an orc warrior
             ... wielding a +0 hand axe
              (17 damage)
             ... on level 9 of the Dungeon.
             The game lasted 00:27:46 (4527 turns).

Allula97 the Covered (Deep Dwarf Fighter)           Turns: 4527, Time: 00:27:47

Health: -1/81      AC:  9    Str: 20    XL:     9   Next: 20%
Magic:  11/11      EV: 11    Int: 10    God:    Makhleb [**....]
Gold:   429        SH: 15    Dex: 14    Spells: 8/8 levels left

rFire    . . .     SeeInvis .   u - +3 war axe (vamp)
rCold    . . .     Gourm    .   c - +0 kite shield
rNeg     . . .     Faith    .   b - +0 scale mail
rPois    .         Spirit   .   (no helmet)
rElec    .         Reflect  +   (no cloak)
rCorr    +         Harm     .   v - +0 pair of gloves
MR       +....                  (no boots)
Stlth    +.........             h - amulet of reflection
HPRegen  0.00/turn              a - ring of wizardry
MPRegen  0.12/turn              D - ring of resist corrosion

@: berserk cooldown, non-regenerating, slowed, very slow
A: damage resistance, heal wounds, sense surroundings 2, no regeneration
a: Heal Wounds, Minor Destruction, Renounce Religion


You were on level 9 of the Dungeon.
You worshipped Makhleb.
Makhleb was pleased with you.
You were not hungry.

You visited 2 branches of the dungeon, and saw 9 of its levels.

You collected 429 gold pieces.

Inventory:

Hand Weapons
 u - a +3 vampiric war axe (weapon)
 E - a +0 great sword
Missiles
 x - 6 silver javelins (quivered)
 B - 2 boomerangs
Armour
 b - a +0 scale mail (worn)
 c - a +0 kite shield (worn)
 v - a +0 pair of gloves (worn)
Jewellery
 a - a ring of wizardry (left hand)
 e - an uncursed ring of flight
 h - an amulet of reflection (around neck)
 l - an uncursed ring of fire
 D - a ring of resist corrosion (right hand)
Wands
 p - a wand of random effects (12)
 t - a wand of iceblast (4)
 y - a wand of acid (8)
Scrolls
 g - a scroll of fog {unknown}
 m - a scroll of fear {unknown}
 n - a scroll of noise {unknown}
 s - 2 scrolls of remove curse
 w - 9 scrolls of teleportation
 C - a scroll of identify
Potions
 d - 2 potions of might
 i - a potion of lignification
 k - a potion of haste
 o - 3 potions of berserk rage
 q - 2 potions of stabbing
 r - a potion of flight
 z - 2 potions of brilliance
Comestibles
 f - 13 rations
 A - 3 chunks of flesh


   Skills:
 * Level 5.5 Fighting
 * Level 6.1 Axes
 * Level 6.7 Armour
 * Level 5.4 Dodging
 + Level 4.5 Stealth
 + Level 5.3 Shields
 + Level 2.7 Invocations
 - Level 3.1 Evocations


You had 8 spell levels left.
You didn't know any spells.
Your spell library contained the following spells:

 Spells                   Type           Power        Failure   Level  Hunger
 Animate Skeleton         Necr           N/A          77%         1    ##.....
 Apportation              Tloc           #.....       77%         1    ##.....
 Corona                   Hex            #......      77%         1    ##.....
 Magic Dart               Conj           #...         77%         1    ##.....
 Summon Small Mammal      Summ           #...         77%         1    ##.....
 Blink                    Tloc           N/A          87%         2    ###....
 Call Imp                 Summ           #.......     87%         2    ###....
 Slow                     Hex            #.......     87%         2    ###....
 Conjure Flame            Conj/Fire      #.......     98%         3    ####...
 Mephitic Cloud           Conj/Pois/Air  #.......     98%         3    ####...


Dungeon Overview and Level Annotations

Branches:
Dungeon (9/15)             Temple (1/1) D:4             Orc (0/2) D:9
   Lair: D:8-11

Altars:
Ashenzari
Cheibriados
Dithmenos
Elyvilon
Fedhas
Hepliaklqana
Kikubaaqudgha
Makhleb
Okawaru
Qazlal
Ru
Sif Muna
Trog
Uskayaw
Vehumet
Wu Jian
Xom
Yredelemnul
Zin
The Shining One

Shops:
D:6 [

Annotations:
D:7 Maggie


Innate Abilities, Weirdness & Mutations

You are resistant to damage.
You can heal yourself by infusing magical energy.
You passively map the area around you.
You do not regenerate.


Message History

* * * LOW HITPOINT WARNING * * *
The orc warrior hits you with a +0 hand axe.
* * * LOW HITPOINT WARNING * * *
The orc warrior hits you with a +0 scimitar!
* * * LOW HITPOINT WARNING * * *
You block the orc priest's attack.
You feel much better. You block the orc warrior's attack. x2
The orc warrior hits you with a +0 scimitar.
You block the orc priest's attack.
The orc warrior hits you from afar with a cursed -2 trident!
* * * LOW HITPOINT WARNING * * *
The orc warrior closely misses you.
You hit the orc priest.
The orc priest is heavily wounded.
You barely miss the orc warrior.
Your scale mail prevents you from hitting the orc warrior.
You block the orc warrior's attack. You block the orc priest's attack.
The orc warrior closely misses you.
The orc warrior hits you with a +0 hand axe!!
You die...

<.# , , , #.........
..# , , .... .,
+........[ .##* **
##8'8##. ,#......... .#
,
.......#######.........
.#, , * ,
.................##'##.
.# ,, ,
..............<#...#.
.# *
,.oo..........#...#. ##
+ ** #oo.........#...#.
# , , * , ,,
,#@o.........'...#. #
,, #...........##+### #
, #................# #
, , ,
+................# # *,
,* #................+ #
,, ...................#
,
,,..............(.....#
,, ,, *
....###########.....# ,
, ....* .....#


You could see 3 orc warriors, an orc priest and an orc.

Vanquished Creatures
  The ghost of TangoThomas the Poker, an amateur CeWr (D:5)
  4 orc warriors (D:9)
  An ice beast (D:6)
  A phantom (D:7)
  2 sky beasts (D:6)
  7 bullfrogs
  4 killer bees (D:7)
  3 crimson imps
  A centaur zombie (D:6)
  A bullfrog skeleton (D:6)
  An orc priest (D:9)
  A bullfrog zombie (D:7)
  4 hounds
  2 orc wizards
  An iguana (D:4)
  Natasha (thrice) (D:3)
  A killer bee zombie (D:6)
  A bullfrog simulacrum (D:5)
  4 gnolls (D:4)
  6 adders
  A howler monkey simulacrum (D:5)
  2 white imps (D:5)
  2 oozes
  A dart slug (D:2)
  2 worms
  An adder simulacrum (D:5)
  4 leopard geckos
  18 orcs
  3 ball pythons
  4 bats
  6 giant cockroaches
  9 goblins
  10 hobgoblins
  6 jackals (D:1)
  5 quokkas
  7 frilled lizards
  A jackal skeleton (D:5)
  5 kobolds
  A quokka simulacrum (D:5)
  11 rats
148 creatures vanquished.

Notes
Turn   | Place    | Note
-------+----------+-------------------------------------------
     0 | D:1      | Allula97 the Deep Dwarf Fighter began the quest for the
                  | Orb.
     0 | D:1      | Reached XP level 1. HP: 20/20 MP: 1/1
   290 | D:1      | Reached XP level 2. HP: 22/27 MP: 2/2
   958 | D:2      | Reached XP level 3. HP: 32/33 MP: 3/3
   970 | D:2      | Reached skill level 1 in Stealth
   977 | D:2      | Reached skill level 1 in Dodging
  1203 | D:2      | Reached XP level 4. HP: 41/42 MP: 4/4
  1607 | D:3      | Noticed Natasha
  1616 | D:3      | Killed Natasha
  1629 | D:3      | Noticed Natasha
  1640 | D:3      | Killed Natasha
  1640 | D:3      | Reached skill level 1 in Evocations
  1640 | D:3      | Reached XP level 5. HP: 31/49 MP: 5/5
  1856 | D:3      | Noticed Natasha
  1864 | D:3      | Killed Natasha
  2016 | D:3      | Found a sacrificial altar of Ru.
  2304 | D:4      | Found a staircase to the Ecumenical Temple.
  2311 | Temple   | Entered the Ecumenical Temple
  2449 | Temple   | Became a worshipper of Makhleb the Destroyer
  2483 | D:4      | Reached XP level 6. HP: 41/56 MP: 7/7
  2994 | D:5      | Entered Level 5 of the Dungeon
  3063 | D:5      | Found a runed translucent gate.
  3063 | D:5      | Found a runed translucent gate.
  3063 | D:5      | Found a runed translucent gate.
  3107 | D:5      | Found a blossoming altar of Fedhas.
  3408 | D:5      | Noticed TangoThomas's ghost (amateur CeWr)
  3422 | D:5      | Killed TangoThomas's ghost
  3422 | D:5      | Reached XP level 7. HP: 18/64 MP: 8/8
  3529 | D:6      | Reached skill level 5 in Armour
  3643 | D:6      | Reached * piety under Makhleb
  3723 | D:6      | Found Jugirch Hupu's Armour Boutique.
  3791 | D:6      | Reached XP level 8. HP: 73/73 MP: 10/10
  3810 | D:6      | Found a basalt altar of Yredelemnul.
  3810 | D:6      | Found a stormy altar of Qazlal.
  3815 | D:6      | Found a hide-covered altar of Uskayaw.
  3974 | D:6      | Reached skill level 5 in Axes
  4091 | D:7      | Reached skill level 1 in Invocations
  4138 | D:7      | Reached skill level 5 in Fighting
  4138 | D:7      | Reached skill level 5 in Shields
  4262 | D:7      | Noticed Maggie
  4262 | D:7      | You fall into a shaft and drop 2 floors!
  4381 | D:9      | Found an ornate altar of the Wu Jian Council.
  4463 | D:9      | Reached skill level 5 in Dodging
  4509 | D:9      | Gained mutation: You passively map the area around you.
                  | [Deep Dwarf growth]
  4509 | D:9      | Reached XP level 9. HP: 43/81 MP: 11/11
  4510 | D:9      | Reached ** piety under Makhleb
  4525 | D:9      | HP: 3/81 [orc warrior/+0 scimitar (14)]
  4527 | D:9      | Slain by an orc warrior

Illustrated notes

Levels and vault maps discovered:
D:1:      evilmike_arrival_rings, layout_basic
D:2:      layout_rooms, minmay_tree_intersection, minmay_close_crescents
D:3:      wad_pebble_path, layout_basic, first_ration,
          nicolae_ru_sacrificial_ziggurat, uniq_natasha
D:4:      layout_loops_cross, temple_green
D:5:      layout_basic, kennysheep_little_box, gammafunk_ghost_icy
D:6:      layout_cave_pools, grunt_temple_overflow_open, serial_shops, shop,
          minmay_quadrilaterals
D:7:      nicolae_whirlpool, layout_basic, uniq_maggie
D:9:      layout_gridville, kennysheep_mini_moat, david_orc_5
Temple:   eino_temple_scatter_basement

Skill      XL: |  1  2  3  4  5  6  7  8  9 |
---------------+----------------------------+-----
Stealth        | 1 2 3 4 |  4.5
Dodging        | 1 2 3 4 5 |  5.4
Fighting       | 3 4 5 |  5.5
Axes           | 3 4 5 6 |  6.1
Armour         | 4 5 6 |  6.7
Evocations     | 1 2 3 |  3.1
Shields        | 4 5 |  5.3
Invocations    | 2 |  2.7

Action                   |  1- 3 |  4- 6 |  7- 9 || total
-------------------------+-------+-------+-------++-------
Melee: War axe           |   130 |   221 |   213 ||   564
 Abil: Heal Wounds       |     1 |     4 |     1 ||     6
  Use: Scroll            |     2 |     7 |     3 ||    12
       Potion            |     1 |     2 |     5 ||     8
  Eat: Chunk             |     1 |     7 |     5 ||    13
Armor: Scale mail        |    43 |    64 |    74 ||   181
Dodge: Dodged            |    52 |    41 |   102 ||   195
Block: Kite shield       |    85 |   165 |   214 ||   464
       Reflection        |     4 |     7 |     4 ||    15
